 Dungeon Crawl Stone Soup version 0.20.1-1-g8b1a95d (webtiles) character file.

252 dvd the Bolt Thrower (level 6, -2/36 HPs)
             Began as a Kobold Hunter on Sept 20, 2017.
             Succumbed to an orc wizard's poison
             ... on level 3 of the Dungeon.
             The game lasted 00:05:18 (2258 turns).

dvd the Bolt Thrower (Kobold Hunter)                Turns: 2258, Time: 00:05:19

Health: -2/36      AC:  4    Str: 11    XL:     6   Next: 36%
Magic:  6/6        EV: 16    Int: 13    God:
Gold:   105        SH:  0    Dex: 15    Spells: 5/5 levels left

rFire    + . .     SeeInvis .   a - +1 hand crossbow
rCold    . . .     Gourm    .   (shield restricted)
rNeg     . . .     Faith    .   n - +0 robe (curse)
rPois    .         Spirit   .   p - +2 hat
rElec    .         Reflect  .   (no cloak)
rCorr    .         Harm     .   (no gloves)
MR       .....                  (no boots)
Stlth    +++.......             (no amulet)
Regen    0.2/turn               h - ring of stealth
MPRegen  0.1/turn               m - ring of protection from fire

@: lethally poisoned (-2 -> -51), flying, hasted, very quick
A: carnivore 3
a: no special abilities


You were on level 3 of the Dungeon.
You were completely stuffed.

You visited 1 branch of the dungeon, and saw 3 of its levels.

You collected 105 gold pieces.

Inventory:

Hand Weapons
 a - a +1 hand crossbow (weapon)
 b - a +0 short sword
Missiles
 d - 9 bolts (quivered)
Armour
 c - a +0 leather armour
 n - a cursed +0 robe (worn)
 p - a +2 hat (worn)
Jewellery
 h - a ring of stealth (left hand)
 m - a ring of protection from fire (right hand)
Scrolls
 e - 2 scrolls of fear {unknown}
 g - 2 scrolls of recharging {unknown}
 i - a scroll of blinking {unknown}
 l - 2 scrolls of identify {unknown}
 r - a scroll of amnesia {unknown}
 s - 2 scrolls of remove curse {unknown}
 u - a scroll of enchant weapon {unknown}
Potions
 k - a potion of flight
 o - a potion of heal wounds {unknown}
 q - a potion of haste
 v - a potion of degeneration {unknown}
Comestibles
 f - a meat ration
 j - a royal jelly


   Skills:
 + Level 2.9 Fighting
 + Level 1.0 Short Blades
 + Level 7.4 Crossbows
 + Level 0.8 Armour
 + Level 3.4 Dodging
 + Level 2.5 Stealth


You had 5 spell levels left.
You didn't know any spells.

Dungeon Overview and Level Annotations

Branches:
Dungeon (3/15)

Altars:
Nemelex Xobeh
Ru


Innate Abilities, Weirdness & Mutations

You are small and have problems with some larger weapons.
You are carnivorous and can eat meat at any time.


Message History

Firing (i - inventory):
d - 10 bolts (quivered)
Press: ? - help, Shift-Dir - straight line, f/p - orc
Aim: an orc, wielding a hand axe (lightly wounded)
You shoot a bolt.
You feel very sick. The crimson imp barely misses you.
You hear some strange, mumbled words.
A magic dart appears from out of thin air!
The magic dart hits you!
* * * LOW HITPOINT WARNING * * *
It was a potion of flight.
You feel very buoyant.
You fly up into the air.
* * * LOW HITPOINT WARNING * * *
You feel very sick. The crimson imp barely misses you. Something hits you.
* * * LOW HITPOINT WARNING * * *
You are more poisoned.
It was a potion of haste.
You feel yourself speed up.
You die...

#.# #.# #......... ## #.#
#.####.##.##.# .#
#.######.##.........# # .#
#.##.....##.#.##.##.#(###. .#
##.##......)........()..((.
.###..##..##.####.......###...
.............# ####.##.#
.###......#..#######.# .# #..
.# #..##.##(.((5@{o..# .###...
.# #..##.##(########## .5 ...#
.# #..##..#.## ####..#
.###..###....###### #....#
......#...........#
###....####
####.##.#....####.#
#.......... # #.##.#.#.## #.#
#.......### # #.##.#.#.# #.#
#.....).... ####.##.#.#.# #.#
###...#####


You could see a crimson imp and an orc.

Vanquished Creatures
  An ogre (D:3)
  Ijyb (D:3)
  3 gnolls (D:3)
  5 adders
  2 dart slugs
  2 leopard geckos
  3 orcs (D:3)
  A giant cockroach (D:3)
  5 goblins
  8 hobgoblins
  5 jackals (D:2)
  8 bats
  5 frilled lizards
  4 kobolds
  9 rats
62 creatures vanquished.

Notes
Turn   | Place    | Note
-------+----------+-------------------------------------------
     0 | D:1      | dvd the Kobold Hunter began the quest for the Orb.
     0 | D:1      | Reached XP level 1. HP: 12/12 MP: 1/1
    35 | D:1      | Reached skill level 5 in Crossbows
   264 | D:1      | Reached XP level 2. HP: 17/17 MP: 2/2
   736 | D:1      | Reached XP level 3. HP: 22/22 MP: 3/3
  1119 | D:2      | Found a sacrificial altar of Ru.
  1235 | D:2      | Reached skill level 6 in Crossbows
  1235 | D:2      | Reached XP level 4. HP: 27/27 MP: 4/4
  1576 | D:3      | Noticed Ijyb
  1649 | D:3      | Killed Ijyb
  1649 | D:3      | Reached XP level 5. HP: 15/31 MP: 5/5
  1893 | D:3      | Found a sparkling altar of Nemelex Xobeh.
  2245 | D:3      | Noticed an ogre
  2250 | D:3      | Killed an ogre
  2250 | D:3      | Reached skill level 1 in Short Blades
  2250 | D:3      | Reached skill level 7 in Crossbows
  2250 | D:3      | Reached XP level 6. HP: 33/36 MP: 6/6
  2257 | D:3      | HP: 1/36 [something (2)]
  2258 | D:3      | Succumbed to an orc wizard's poison

Skill      XL: |  1  2  3  4  5 |
---------------+----------------+-----
Crossbows      | 5 6 7 |  7.4
Dodging        | 3 |  3.4
Stealth        | 2 |  2.5
Short Blades   | 1 |  1.0
Fighting       | |  2.9
Armour         | |  0.8

Action                   |  1- 3 |  4- 6 || total
-------------------------+-------+-------++-------
Melee: Short sword       |       |    27 ||    27
       Hand crossbow     |       |     2 ||     2
 Fire: Hand crossbow     |    58 |    77 ||   135
  Use: Potion            |       |     2 ||     2
  Eat: Chunk             |     9 |     3 ||    12
Armor: Leather armour    |     1 |       ||     1
       Robe              |     1 |    20 ||    21
Dodge: Dodged            |     6 |    48 ||    54
